 Dungeon Crawl Stone Soup version 0.25.0-46-gbd7b0854d2 (webtiles) character file.

Game seed: 9712719801815033118

18060 Milting the Nimble (level 11, -1/97 HPs)
             Began as a Demigod Transmuter on July 12, 2020.
             Slain by a skeletal warrior
             ... wielding a +0 scimitar
             ... led by a skeletal warrior
              (16 damage)
             ... on level 14 of the Dungeon on July 13, 2020.
             The game lasted 00:53:34 (13603 turns).

Milting the Nimble (Demigod Transmuter)            Turns: 13603, Time: 00:53:34

Health: -1/97      AC: 17    Str: 19    XL:     11   Next: 98%
Magic:  24/24      EV: 19    Int: 21    God:
Gold:   152        SH:  5    Dex: 20    Spells: 21/22 levels left

rFire    . . .     SeeInvis .   y - +11 dagger of Anger {drain, Int+4}
rCold    . . .     Gourm    .   (no shield)
rNeg     . . .     Faith    .   P - +4 troll leather armour
rPois    .         Spirit   .   i - +1 helmet
rElec    .         Reflect  +   (no cloak)
rCorr    .         Harm     .   A - +0 pair of gloves
MR       ++...                  (no boots)
Stlth    ++........             o - amulet of reflection
HPRegen  0.66/turn              V - ring "Racvin" {+Blink MR+ Dex+4 Stlth-}
MPRegen  0.19/turn              G - +4 ring of protection

@: no status effects
A: thin metallic scales 1, high mp 1
a: Evoke Blink


You were on level 14 of the Dungeon.
You were hungry.

You visited 1 branch of the dungeon, and saw 14 of its levels.

You collected 505 gold pieces.
You spent 353 gold pieces at shops.

Inventory:

Hand Weapons
 y - the +11 dagger of Anger (weapon) {drain, Int+4}
   (You found it on level 5 of the Dungeon)

   A truly terrible weapon, it drains the life of those it strikes.
   It affects your intelligence (+4).
Missiles
 a - 214 arrows
 e - 292 stones (quivered)
 U - 4 silver boomerangs
 X - 4 throwing nets
 Z - a boomerang of dispersal
Armour
 i - a +1 helmet (worn)
 A - a +0 pair of gloves (worn)
 P - a +4 troll leather armour (worn)
Magical Staves
 Q - an uncursed staff of poison {unknown}
Jewellery
 j - a +6 ring of intelligence
 o - an amulet of reflection (around neck)
 u - an uncursed amulet of guardian spirit
 w - an uncursed ring of positive energy
 G - a +4 ring of protection (right hand)
 J - an uncursed ring of see invisible
 V - the ring "Racvin" (left hand) {+Blink MR+ Dex+4 Stlth-}
   (You found it on level 9 of the Dungeon)

   [ring of attention]

   It affects your dexterity (+4).
   It affects your resistance to hostile enchantments.
   It lets you blink.
   It makes you less stealthy.
 W - an uncursed ring of magical power
Wands
 b - a wand of iceblast (11)
 q - a wand of random effects (7)
 x - a wand of digging (14)
 F - a wand of enslavement (9)
 N - a wand of paralysis (12)
 O - a wand of clouds (3)
Scrolls
 c - a scroll of immolation
 h - a scroll of fog
 k - 3 scrolls of enchant weapon
 l - 5 scrolls of remove curse
 p - 3 scrolls of identify
 s - 4 scrolls of teleportation {unknown}
 C - 3 scrolls of random uselessness
 H - 4 scrolls of fear {unknown}
 I - a scroll of magic mapping {unknown}
 R - a scroll of brand weapon {unknown}
 S - a scroll of noise {unknown}
 T - a scroll of torment {unknown}
Potions
 g - 3 potions of berserk rage {unknown}
 m - 2 potions of heal wounds
 n - 4 potions of haste {unknown}
 r - 4 potions of lignification {unknown}
 t - 7 potions of curing {unknown}
 z - a potion of resistance {unknown}
 B - 3 potions of flight {unknown}
 D - 2 potions of might {unknown}
 E - a potion of brilliance {unknown}
 K - a potion of stabbing {unknown}
 L - 2 potions of magic {unknown}
 M - a potion of ambrosia {unknown}
Comestibles
 d - 25 rations


   Skills:
 * Level 9.1 Fighting
 * Level 9.0 Short Blades
 * Level 9.2 Dodging
 - Level 5.4 Stealth
 - Level 2.7 Unarmed Combat
 + Level 6.0 Spellcasting
 + Level 6.7 Transmutations


You had 21 spell levels left.
You knew the following spells:

 Your Spells              Type           Power        Failure   Level  Hunger
a - Beastly Appendage     Tmut           ####..       1%          1    None

Your spell library contained the following spells:

 Spells                   Type           Power        Failure   Level  Hunger
 Sticks to Snakes         Tmut           ####....     1%          2    None
 Spider Form              Tmut/Pois      ###.......   9%          3    ##.....
 Corona                   Hex            #......      12%         1    None
 Ensorcelled Hibernation  Hex/Ice        #.....       17%         2    None
 Blade Hands              Tmut           ####......   21%         5    #####..
 Ice Form                 Ice/Tmut       ###.....     28%         4    ####...
 Petrify                  Tmut/Erth      ###.....     28%         4    ####...
 Confusing Touch          Hex            #.......     34%         3    ##.....
 Dazzling Flash           Conj/Hex       #.....       34%         3    ##.....
 Gell's Gravitas          Tloc           #.........   34%         3    ##.....
 Tukima's Dance           Hex            #.......     34%         3    ##.....
 Yara's Violent Unravell  Hex/Tmut       ###.......   63%         5    #####..
 Metabolic Englaciation   Hex/Ice        #.........   97%         5    #####..


Dungeon Overview and Level Annotations

Branches:
Dungeon (14/15)            Temple (0/1) D:7            Lair (0/6) D:11
    Orc (0/2) D:12
 Vaults: D:13-14

Shops:
D:5 (   D:11 %

Annotations:
D:6 Blork the orc


Innate Abilities, Weirdness & Mutations

You have an increased reservoir of magic. (+10% MP)
You are partially covered in thin metallic scales. (AC +2)


Message History

You hit the skeletal warrior but do no damage.
The skeletal warrior is lightly damaged.
The skeletal warrior misses you.
You closely miss the skeletal warrior.
The skeletal warrior is lightly damaged.
You puncture the skeletal warrior!
The skeletal warrior is moderately damaged.
The skeletal warrior hits you with a +0 scimitar.
* * * LOW HITPOINT WARNING * * *
You hit the skeletal warrior but do no damage.
The skeletal warrior is moderately damaged.
You hit the skeletal warrior.
The skeletal warrior is moderately damaged.
The skeletal warrior hits you but does no damage.
You hit the skeletal warrior but do no damage.
The skeletal warrior is moderately damaged.
You hit the skeletal warrior but do no damage.
The skeletal warrior is moderately damaged.
The skeletal warrior hits you with a +0 scimitar!
You die...

######
#...>#
#....#
#....#
#....#
#....##
#.)@).#
#..z..#
#.....+
#.....+
#######


You could see a skeletal warrior.

Vanquished Creatures
  Erolcha (D:9)
  A hydra (D:10)
  3 two-headed ogres
  2 skeletal warriors (D:14)
  An unseen horror (D:11)
  Pikel (D:4)
  A cyclops (D:12)
  A merfolk (D:11)
  2 trolls
  A hornet (D:8)
  2 slime creatures (D:12)
  5 hippogriffs
  A shadow (D:12)
  2 wyverns
  13 yaks
  A basilisk (D:11)
  2 hungry ghosts
  4 vampire mosquitoes (D:12)
  An acid dragon (D:11)
  4 sky beasts
  A black bear (D:11)
  4 ice beasts
  10 orc warriors
  3 slaves (D:4)
  3 phantoms
  9 ogres
  6 centaurs
  2 crocodiles (D:11)
  A big kobold (D:12)
  6 bullfrogs
  3 gnoll sergeants
  5 scorpions
  3 killer bees (D:11)
  2 howler monkeys (D:12)
  9 wights (D:12)
  An electric eel (D:8)
  3 crimson imps
  A quasit (D:11)
  A bullfrog zombie (D:12)
  7 orc priests
  10 orc wizards
  4 hounds
  5 jellies
  3 bullfrog skeletons
  3 centaur skeletons
  4 iguanas
  4 worker ants
  Terence (D:2)
  A worker ant zombie (D:8)
  10 gnolls
  16 adders
  3 shadow imps
  An ooze (D:1)
  An adder skeleton (D:4)
  4 worms
  A dart slug (D:2)
  A leopard gecko (D:7)
  39 orcs
  6 bats
  6 giant cockroaches
  5 goblins
  8 hobgoblins
  10 jackals
  3 kobolds (D:1)
  A quokka (D:9)
  4 frilled lizards
  2 rats (D:2)
285 creatures vanquished.

Vanquished Creatures (others)
  An orc wizard (D:12)
  A goblin (D:2)
2 creatures vanquished.

Grand Total: 287 creatures vanquished

Notes
Turn   | Place    | Note
-------+----------+-------------------------------------------
     0 | D:1      | Milting the Demigod Transmuter began the quest for the Orb.
     0 | D:1      | Reached XP level 1. HP: 15/15 MP: 5/5
   133 | D:1      | Reached skill level 1 in Fighting
   443 | D:1      | Reached XP level 2. HP: 15/23 MP: 7/7
   901 | D:2      | Found a radiant altar of Vehumet.
  1093 | D:2      | Gained mutation: You are partially covered in thin metallic
                  | scales. (AC +2) [potion of mutation]
  1296 | D:2      | Reached XP level 3. HP: 28/28 MP: 8/8
  1539 | D:2      | Noticed Terence
  1563 | D:2      | Reached skill level 1 in Short Blades
  1588 | D:2      | Killed Terence
  1588 | D:2      | Reached XP level 4. HP: 25/36 MP: 9/9
  1699 | D:2      | Reached skill level 1 in Stealth
  2535 | D:3      | Reached XP level 5. HP: 29/41 MP: 9/11
  3638 | D:4      | Noticed Pikel
  3638 | D:4      | Noticed a slave
  3639 | D:4      | Noticed a slave
  3639 | D:4      | Noticed a slave
  3639 | D:4      | Noticed a slave
  3658 | D:4      | Killed Pikel
  3658 | D:4      | Reached XP level 6. HP: 15/51 MP: 11/13
  3658 | D:4      | Reached XP level 7. HP: 17/57 MP: 11/14
  4406 | D:4      | Found a sparkling altar of Nemelex Xobeh.
  4600 | D:4      | Found a blossoming altar of Fedhas.
  4720 | D:5      | Entered Level 5 of the Dungeon
  4792 | D:5      | Got a pitted dagger
  4793 | D:5      | Identified the +11 dagger of Anger {drain, Int+4} (You
                  | found it on level 5 of the Dungeon)
  4908 | D:5      | Found Liluiz's Weapon Shoppe.
  4918 | D:5      | Bought 21 stones for 23 gold pieces
  5486 | D:6      | Noticed Blork the orc
  5700 | D:7      | Reached XP level 8. HP: 65/66 MP: 15/15
  5946 | D:7      | Found a staircase to the Ecumenical Temple.
  6316 | D:8      | Reached skill level 5 in Dodging
  6495 | D:8      | Reached skill level 5 in Fighting
  6822 | D:8      | Reached skill level 5 in Short Blades
  6840 | D:8      | Noticed a hippogriff
  6848 | D:8      | Killed a hippogriff
  6848 | D:8      | Reached XP level 9. HP: 74/74 MP: 18/18
  6905 | D:8      | Found a sacrificial altar of Ru.
  6912 | D:8      | Found a shattered altar of Ashenzari.
  7010 | D:8      | Noticed a two-headed ogre
  7024 | D:8      | Killed a two-headed ogre
  7347 | D:8      | Found a shadowy altar of Dithmenos.
  7532 | D:8      | Found a stormy altar of Qazlal.
  8172 | D:9      | Reached XP level 10. HP: 84/84 MP: 20/20
  8238 | D:8      | Reached skill level 5 in Stealth
  8238 | D:8      | Reached skill level 5 in Transmutations
  8572 | D:9      | Noticed a two-headed ogre
  8582 | D:9      | Killed a two-headed ogre
  8760 | D:9      | Noticed Erolcha
  8782 | D:9      | Killed Erolcha
  8794 | D:9      | Got a smoking silver ring
  8795 | D:9      | Found a burning altar of Makhleb.
  9203 | D:10     | Entered Level 10 of the Dungeon
  9204 | D:10     | Identified the ring "Racvin" {+Blink MR+ Dex+4 Stlth-} (You
                  | found it on level 9 of the Dungeon)
  9842 | D:10     | Noticed a four-headed hydra
  9853 | D:10     | Killed a four-headed hydra
  9853 | D:10     | Reached skill level 5 in Spellcasting
 10491 | D:11     | Reached XP level 11. HP: 93/93 MP: 22/22
 10565 | D:11     | Found Kuow's Food Emporium.
 10568 | D:11     | Bought a ration for 55 gold pieces
 10568 | D:11     | Bought a ration for 55 gold pieces
 10568 | D:11     | Bought a ration for 55 gold pieces
 10568 | D:11     | Bought a ration for 55 gold pieces
 10568 | D:11     | Bought a ration for 55 gold pieces
 10568 | D:11     | Bought a ration for 55 gold pieces
 11013 | D:11     | Noticed an unseen horror
 11022 | D:11     | Killed an unseen horror
 11284 | D:11     | Found a staircase to the Lair.
 11736 | D:12     | Noticed a two-headed ogre
 11752 | D:12     | Killed a two-headed ogre
 11839 | D:12     | Found a staircase to the Orcish Mines.
 13318 | D:13     | Noticed a skeletal warrior
 13318 | D:13     | Noticed a skeletal warrior
 13318 | D:13     | Noticed a skeletal warrior
 13318 | D:13     | Noticed a skeletal warrior
 13324 | D:13     | Noticed a skeletal warrior
 13358 | D:14     | Killed a skeletal warrior
 13583 | D:14     | Killed a skeletal warrior
 13603 | D:14     | Slain by a skeletal warrior

Illustrated notes

Levels and vault maps discovered:
D:1:      dpeg_arrival_solitude, layout_loops_ring
D:2:      layout_loops_ring, fiery_altar_vehumet, first_ration,
          minmay_misc_feat_pillars, uniq_terence
D:3:      layout_basic
D:4:      layout_basic, nemelex_altar_shiori, fedhas_altar_fruit_tree,
          uniq_pikel
D:5:      layout_basic, serial_shops, shop, patterned_corridor
D:6:      layout_cave_pools, serial_shops, nicolae_shop_stone, basic_altar,
          guppyfry_early_elven_hall, uniq_blork_the_orc
D:7:      layout_rooms, minmay_temple_entry_junction
D:8:      layout_basic, amethyst_overflow_temple_binary, kennysheep_mini,
          nicolae_dithmenos_shadow_blocks, serial_bayou_pond_b
D:9:      layout_cave_pools, bloody_makhleb, uniq_erolcha
D:10:     layout_gridville, minmay_misc_feat_rugged
D:11:     layout_irregular_city, erik_lair_dragon, serial_shops,
          nicolae_shop_behind_doors, hangedman_fish_farm
D:12:     layout_loops_ring, kennysheep_orc_monster_closet_entryway
D:13:     minmay_two_paths, layout_basic, grunt_vaults_entry_tiered,
          gammafunk_ghost_crypt, nicolae_evil_shop
D:14:     layout_irregular_city, minivault_14, uniq_snorg

Skill      XL: |  1  2  3  4  5  6  7  8  9 10 11 |
---------------+----------------------------------+-----
Fighting       | 1 2 3 4 5 6 7 9 |  9.1
Dodging        | 2 3 4 5 6 7 9 |  9.2
Transmutations | 2 3 4 5 6 |  6.7
Spellcasting   | 2 3 4 5 6 |  6.0
Short Blades   | 1 3 5 6 7 9 |  9.0
Stealth        | 1 2 3 4 5 |  5.4
Unarmed Combat | |  2.7

Action                   |  1- 3 |  4- 6 |  7- 9 | 10-12 || total
-------------------------+-------+-------+-------+-------++-------
Melee: Short sword       |    91 |   137 |    88 |       ||   316
       Unarmed           |     5 |       |       |       ||     5
       Punch             |     3 |       |     3 |    15 ||    21
       Kick              |     4 |       |     1 |    35 ||    40
       Headbutt          |       |     2 |    15 |       ||    17
       Dagger            |       |       |   234 |   709 ||   943
Throw: Stone             |       |       |       |    31 ||    31
 Cast: Beastly Appendage |     1 |     2 |     4 |     3 ||    10
  Use: Potion            |     3 |       |       |     4 ||     7
       Scroll            |       |       |    10 |     6 ||    16
 Stab: Sleeping          |     2 |     7 |     5 |     3 ||    17
       Distracted        |       |       |       |     1 ||     1
  Eat: Chunk             |     2 |     6 |    12 |    14 ||    34
       Ration            |       |       |     1 |     1 ||     2
Armor: Ring mail         |    13 |       |       |       ||    13
       Robe              |     6 |    41 |    45 |    64 ||   156
       Troll leather arm |       |       |       |    35 ||    35
Dodge: Dodged            |    55 |    87 |   161 |   384 ||   687
Block: Other             |    13 |    41 |    53 |   102 ||   209
       Reflection        |       |       |     2 |     5 ||     7
